 Dungeon Crawl Stone Soup version 0.17-a0-1497-g03599f7 (webtiles) character file.

2788 emikaela the Soothsayer (level 9, -2/62 HPs)
             Began as an Octopode Wanderer on July 6, 2015.
             Was a Priest of Nemelex Xobeh.
             Slain by a hippogriff (4 damage)
             ... on level 8 of the Dungeon.
             The game lasted 01:00:32 (13200 turns).

emikaela the Soothsayer (Octopode Wanderer)        Turns: 13200, Time: 01:00:32

Health: -2/62      AC:  4    Str: 16    XL:     9   Next: 71%
Magic:  1/15       EV: 13    Int: 16    God:    Nemelex Xobeh [***...]
Gold:   408        SH:  0    Dex: 11    Spells: 6 memorised, 0 levels left

rFire  . . .     SeeInvis .     a - +0 hunting sling
rCold  + . .     Clarity  .     (no shield)
rNeg   . . .     SustAt   .     (helmet restricted)
rPois  +         Gourm    .     (no amulet)
rElec  .         Spirit   .     r - +3 ring of strength
rCorr  .         Warding  .     J - ring of protection from cold
rMut   .         Stasis   .     P - ring of wizardry
MR     .....                    U - ring of flight
Stlth  +++.......               Y - +3 ring of protection
                                k - ring of poison resistance
                                (no ring)
                                (no ring)

@: not resistant to hostile enchantments, fairly stealthy
A: almost no armour, amphibious, 8 rings, constrict 8, camouflage 1, gelatinous
body 1
a: Triple Draw, Renounce Religion, Evoke Flight


You were on level 8 of the Dungeon.
You worshipped Nemelex Xobeh.
Nemelex Xobeh was most pleased with you.
You were not hungry.

You visited 2 branches of the dungeon, and saw 9 of its levels.

You collected 446 gold pieces.

Inventory:

Hand weapons
 a - a +0 hunting sling (weapon)
 b - a +3 quarterstaff of chaos
Missiles
 g - 19 sling bullets (quivered)
 l - 99 arrows
 s - 19 poisoned needles
 u - 7 steel sling bullets
 B - 16 sling bullets of frost
 I - 2 javelins of penetration
 Z - 2 curare-tipped needles
Armour
 O - a +0 buckler
Jewellery
 j - an uncursed ring of ice
 k - a ring of poison resistance (on tentacle)
 r - a +3 ring of strength (left tentacle)
 J - a ring of protection from cold (right tentacle)
 P - a ring of wizardry (on tentacle)
 U - a ring of flight (on tentacle)
 Y - a +3 ring of protection (on tentacle)
Magical devices
 f - a wand of slowing (19)
 G - a wand of digging (17)
 V - a wand of fireball (12)
 W - a wand of paralysis (10)
Scrolls
 e - 2 scrolls of recharging
 h - 5 scrolls of fear
 o - 4 scrolls of magic mapping
 t - 2 scrolls of enchant weapon
 w - a scroll of amnesia
 x - 2 scrolls of teleportation
 F - a scroll of remove curse
 N - a scroll of brand weapon {unknown}
 S - a scroll of vulnerability {unknown}
Potions
 i - a potion of resistance
 m - a potion of cancellation
 A - 2 potions of lignification {unknown}
 D - a potion of ambrosia {unknown}
 H - 2 potions of flight {unknown}
 K - a potion of brilliance
 L - a potion of might
 Q - 2 potions of poison {unknown}
 X - a potion of agility {unknown}
Books
 c - the Catalogue of Venomous Arcane Weapons

   Spells                             Type                      Level
   a - Sting                          Conjuration/Poison           1
   b - Mephitic Cloud                 Conjuration/Poison/Air       3
 q - a book of Air
 z - a book of Minor Magic
Miscellaneous
 n - a plain deck of war
 v - a plain deck of war
 y - a plain deck of escape {drawn: 5}
 E - a legendary deck of war {drawn: 1}
 M - a legendary deck of destruction {drawn: 2}
 R - an ornate deck of destruction
Comestibles
 d - 3 bread rations


   Skills:
 + Level 6.1 Fighting
 - Level 4.0 Dodging
 - Level 1.3 Stealth
 - Level 2.5 Spellcasting
 - Level 5.0 Conjurations
 - Level 5.1 Air Magic
 - Level 4.0 Poison Magic
 + Level 8.4 Evocations


You couldn't memorise any spells.
You knew the following spells:

 Your Spells              Type           Power        Failure   Level  Hunger
a - Sting                 Conj/Pois      ###.         1%          1    #......
b - Swiftness             Chrm/Air       ##......     4%          2    ##.....
c - Mephitic Cloud        Conj/Pois/Air  ###.....     4%          3    ###....
d - Static Discharge      Conj/Air       ###.....     4%          3    ###....
e - Blink                 Tloc           N/A          12%         2    ##.....
r - Repel Missiles        Chrm/Air       ##....       4%          2    ##.....


Dungeon Overview and Level Annotations

Branches:
Dungeon (8/15)             Temple (1/1) D:5
   Lair: D:8-11

Altars:
Ashenzari
Cheibriados
Dithmenos
Elyvilon
Fedhas
Gozag
Kikubaaqudgha
Makhleb
Nemelex Xobeh
Okawaru
Qazlal
Ru
Sif Muna
Trog
Vehumet
Xom
Yredelemnul
Zin
The Shining One

Annotations:
D:8 Joseph


Innate Abilities, Weirdness & Mutations

You cannot wear most types of armour.
You are amphibious.
You can wear up to eight rings at the same time.
You can use your tentacles to constrict eight enemies at once.
Your skin changes colour to match your surroundings (Stealth).
Your rubbery body absorbs attacks (AC +1).


Message History

Aim: a hippogriff (almost dead, poisoned)
The sting hits the hippogriff.
The hippogriff looks even sicker.
The hippogriff is almost dead.
* * * LOW MAGIC WARNING * * *
The worker ant bites you.
* * * LOW HITPOINT WARNING * * *
The hippogriff bites you.
* * * LOW HITPOINT WARNING * * *
The hippogriff pecks you.
* * * LOW HITPOINT WARNING * * *
The hippogriff claws you.
* * * LOW HITPOINT WARNING * * *
Drink which item? (? for menu, Esc to quit)
Okay, then.
Evoke which item? (* to show all) (? for menu, Esc to quit)
You draw a card...
It is the Elixir.
The worker ant bites you!
* * * LOW HITPOINT WARNING * * *
The hippogriff closely misses you. The hippogriff pecks you.
You die...
Your body glows slightly and disappears.

..#####....####
#.............#
#.......<......
...............
....>..........
..............#
.......H......#
......)@.....#
.......a.....#
.|..........##
...........##
..........##
..........#
..........#
.........##


You could see a hippogriff and a worker ant.

Vanquished Creatures
  An ice beast (D:7)
  A phantom (D:6)
  A sky beast (D:7)
  5 black bears
  2 centaurs
  An ogre (D:6)
  4 giant frogs
  Dowan (D:4)
  A killer bee (D:7)
  A giant frog zombie (D:6)
  2 hounds
  3 jellies
  An orc priest (D:5)
  Crazy Yiuf (D:5)
  A giant frog skeleton (D:7)
  3 orc wizards
  5 worker ants
  3 iguanas
  A killer bee zombie (D:7)
  A sheep (D:8)
  2 worker ant zombies
  Robin (D:3)
  13 adders
  4 gnolls (D:6)
  2 shadow imps
  An ooze (D:5)
  An adder skeleton (D:5)
  A worm (D:2)
  6 giant geckos
  4 orcs
  A ball python (D:3)
  10 giant cockroaches
  29 goblins
  14 hobgoblins
  7 jackals
  15 kobolds
  14 bats
  5 giant newts (D:1)
  A jackal zombie (D:6)
  A quokka (D:6)
  15 rats
186 creatures vanquished.

Vanquished Creatures (collateral kills)
  An ugly thing (D:6)
  The ghost of Parakulo the Covert, an average SpAs (D:5)
  Duvessa (D:4)
  An ice beast (D:8)
  An electric eel (D:6)
  A quasit (D:8)
  An iguana (D:7)
  A jelly (D:8)
  An adder (D:6)
  A worm (D:8)
  2 orcs
  A hobgoblin (D:7)
  A kobold (D:7)
  A giant newt (D:7)
15 creatures vanquished.

Vanquished Creatures (others)
  A hound (D:5)
  A shadow imp (D:5)
  A giant gecko (D:5)
3 creatures vanquished.

Grand Total: 204 creatures vanquished

Notes
Turn   | Place    | Note
--------------------------------------------------------------
     0 | D:1      | emikaela the Octopode Wanderer began the quest for the Orb.
     0 | D:1      | emikaela set off with: a book of Air, a +0 spear, the Catalogue of Venomous Arcane Weapons, a bread ration
     0 | D:1      | Reached XP level 1. HP: 16/16 MP: 2/2
     0 | D:1      | Identified the Catalogue of Venomous Arcane Weapons
     2 | D:1      | Learned a level 1 spell: Sting
   106 | D:1      | Reached skill level 1 in Conjurations
   253 | D:1      | Reached XP level 2. HP: 21/21 MP: 3/3
   357 | D:1      | Found a sparkling altar of Nemelex Xobeh.
   368 | D:1      | Became a worshipper of Nemelex Xobeh the Trickster
   819 | D:1      | Received a gift from Nemelex Xobeh
   949 | D:1      | Reached XP level 3. HP: 23/26 MP: 4/4
   954 | D:1      | Learned a level 3 spell: Mephitic Cloud
  1743 | D:2      | Reached XP level 4. HP: 19/31 MP: 6/6
  2295 | D:2      | Received a gift from Nemelex Xobeh
  2485 | D:2      | Found a sparkling altar of Nemelex Xobeh.
  2872 | D:2      | Learned a level 3 spell: Static Discharge
  3043 | D:3      | Noticed Robin
  3059 | D:3      | Killed Robin
  3059 | D:3      | Reached XP level 5. HP: 17/36 MP: 0/8
  3429 | D:3      | Found a stormy altar of Qazlal.
  3647 | D:3      | Found an iron altar of Okawaru.
  3915 | D:3      | Found a blossoming altar of Fedhas.
  4023 | D:3      | Received a gift from Nemelex Xobeh
  4026 | D:3      | Found a faded altar to an unknown god.
  4547 | D:4      | Reached XP level 6. HP: 42/42 MP: 6/9
  4791 | D:4      | Noticed Duvessa
  4791 | D:4      | Noticed Dowan
  4806 | D:4      | Killed Duvessa
  4806 | D:4      | Reached skill level 4 in Conjurations
  4810 | D:4      | Killed Dowan
  5458 | D:4      | Reached XP level 7. HP: 46/46 MP: 4/10
  5509 | D:4      | Received a gift from Nemelex Xobeh
  5514 | D:4      | Learned a level 2 spell: Repel Missiles
  5873 | D:4      | Learned a level 2 spell: Swiftness
  5892 | D:5      | Entered Level 5 of the Dungeon
  5897 | D:5      | Noticed Parakulo's ghost (average SpAs)
  5909 | D:5      | Killed Parakulo's ghost
  6214 | D:5      | Reached skill level 5 in Conjurations
  6716 | D:5      | Found a burning altar of Makhleb.
  7100 | D:5      | Found a bloodstained altar of Trog.
  7101 | D:5      | Found a radiant altar of Vehumet.
  7210 | D:5      | Noticed Crazy Yiuf
  7267 | D:5      | Killed Crazy Yiuf
  7465 | D:5      | Found a staircase to the Ecumenical Temple.
  7474 | Temple   | Entered the Ecumenical Temple
  7513 | Temple   | Acquired Nemelex Xobeh's first power
  7528 | Temple   | Received a gift from Nemelex Xobeh
  7852 | D:5      | Found a glowing golden altar of the Shining One.
  8019 | D:6      | Found an ancient bone altar of Kikubaaqudgha.
  8301 | D:6      | Found a shimmering altar of Xom.
  8434 | D:6      | Reached XP level 8. HP: 52/52 MP: 6/11
  8541 | D:6      | Reached skill level 5 in Air Magic
  8608 | D:6      | Reached skill level 1 in Dodging
  8799 | D:6      | Reached skill level 5 in Evocations
  9127 | D:6      | Noticed a green ugly thing
  9128 | D:6      | Noticed Feiruvor the pandemonium lord
  9130 | D:6      | Killed a green ugly thing
  9130 | D:6      | Reached skill level 6 in Evocations
  9131 | D:6      | Received a gift from Nemelex Xobeh
  9524 | D:6      | Reached XP level 9. HP: 59/59 MP: 8/14
  9675 | D:6      | Learned a level 2 spell: Blink
  9753 | D:6      | Received a gift from Nemelex Xobeh
  9834 | D:6      | Found a shattered altar of Ashenzari.
  9862 | D:6      | Reached skill level 7 in Evocations
 10499 | D:7      | Found a sacrificial altar of Ru.
 10928 | D:7      | Found a deep blue altar of Sif Muna.
 10943 | D:7      | Acquired Nemelex Xobeh's second power
 10981 | D:7      | Reached skill level 5 in Fighting
 12049 | D:7      | Reached skill level 8 in Evocations
 12791 | D:7      | Received a gift from Nemelex Xobeh
 12854 | D:8      | Noticed Grum
 12855 | D:8      | Noticed Joseph
 12863 | D:8      | Noticed Grum
 12863 | D:8      | Grum changed into Grum the scorpion
 12867 | D:8      | Grum the scorpion changed into Grum the worker ant
 13199 | D:8      | HP: 3/62 [hippogriff (5)]
 13200 | D:8      | Slain by a hippogriff

Vault maps used:
D:1:      kilobyte_arrival_exit_the_forest, nemelex_deck
D:2:      lemuel_crystal_altar, first_bread, minmay_crystal_room,
          hangedman_decor_points, minmay_strange_pillars, serial_bayou_ford_a
D:3:      grunt_temple_overflow_forces_of_nature, ecumenical_altar_2,
          okawaru_trees_2, uniq_robin
D:4:      uniq_duvessa
D:5:      lemuel_crystal_altar, lemuel_coloured_pillars_altar,
          gammafunk_temple_overflow_statue, lemuel_temple_firewalk_marked,
          corexii_hall_statues_x, nrook_pool_corridor, uniq_crazy_yiuf_cottage
D:6:      wad_river_or_something, kiku_gazebo_garden_becter, tgw_xom,
          ashenzari_altar_1
D:7:      nicolae_ru_great_annihilating_truth, basic_altar
D:8:      kennysheep_steamy, hangedman_pestilent_swarm, minmay_holes, uniq_grum,
          uniq_joseph
Temple:   jpeg_temple_alley_garden_8

Action                   |  1- 3 |  4- 6 |  7- 9 || total
-------------------------+-------+-------+-------++-------
Melee: Spear             |    82 |    77 |       ||   159
       War axe           |       |    14 |     1 ||    15
       Quarterstaff      |       |       |    21 ||    21
 Fire: Shortbow          |       |       |    53 ||    53
       Hunting sling     |       |       |    26 ||    26
 Cast: Sting             |     2 |    93 |   203 ||   298
       Static Discharge  |       |     7 |    71 ||    78
       Mephitic Cloud    |       |     1 |     7 ||     8
       Repel Missiles    |       |       |     1 ||     1
Invok: Triple Draw       |       |       |     3 ||     3
Evoke: Deck              |       |     4 |    16 ||    20
  Use: Scroll            |       |    12 |     4 ||    16
       Potion            |       |       |     2 ||     2
 Stab: Sleeping          |    17 |     5 |     1 ||    23
       Distracted        |     1 |       |       ||     1
       Paralysed         |       |       |     1 ||     1
  Eat: Chunk             |     3 |    14 |     8 ||    25
       Royal jelly       |       |       |     2 ||     2
       Meat ration       |       |       |     4 ||     4
       Beef jerky        |       |       |     1 ||     1
       Bread ration      |       |       |     1 ||     1
